[Event "*** SCC Grand Prix: Titled Tuesday Blitz"]
[Site "Chess.com"]
[Date "2020.07.14"]
[Round "1"]
[White "JesseKraai"]
[Black "KratosKrieg"]
[Result "1-0"]
[WhiteElo "2462"]
[BlackElo "1968"]
[TimeControl "180+1"]
[EndTime "10:05:22 PDT"]
[Termination "JesseKraai won by resignation"]

1. d4 d5 2. c4 e6 3. Nc3 Nf6 4. cxd5 Nxd5 5. Nf3 c5 6. e3 Be7 7. Bd3 O-O 8. O-O Nc6 9. Qe2 cxd4 10. exd4 Bf6 11.
Rd1 a6 12. Qe4 g6 13. Bh6 Re8 14. Rac1 Ncb4 15. Bb1 b5 16. a3 Nc6 17. Nxd5 exd5 18. Qf4 Bb7 19. h4 Qd7 20. Qxf6 1-0

[Event "*** SCC Grand Prix: Titled Tuesday Blitz"]
[Site "Chess.com"]
[Date "2020.07.14"]
[Round "1"]
[White "DortmundCity"]
[Black "c_r_e_e_p_e_r"]
[Result "1-0"]
[WhiteElo "2615"]
[BlackElo "2306"]
[TimeControl "180+1"]
[EndTime "10:05:24 PDT"]
[Termination "DortmundCity won by resignation"]

1. e4 c5 2. Be2 Nc6 3. f4 e6 4.
Nf3 a6 5. O-O b5 6. d3 Bb7 7. c3 d6 8. Be3 Nf6 9. Kh1 Be7 10.
Nbd2 O-O 11. Qe1 Qc7 12. Rc1 Rac8 13. Qg3 Rfe8 14. f5 exf5 15. Nh4 fxe4 16. Nf5 Bf8 17.
Nxg7 Bxg7 18. Bh6 Kf8 19. Qxg7+ Ke7 20. Qxf6+ Kd7 21. Bg4+ Re6 22. Qxf7+ Ne7 23. Qxe6+ Kc6 24. Nxe4 1-0

[Event "*** SCC Grand Prix: Titled Tuesday Blitz"]
[Site "Chess.com"]
[Date "2020.07.14"]
[Round "1"]
[White "wonderfultime"]
[Black "TomasKapitanchuk"]
[Result "1-0"]
[WhiteElo "2958"]
[BlackElo "2440"]
[TimeControl "180+1"]
[EndTime "10:05:25 PDT"]
[Termination "wonderfultime won by resignation"]

1. d4 Nf6 2. Nf3 e6 3. Bf4 b6 4.
e3 c5 5. Bd3 Bb7 6. O-O Be7 7.
c3 O-O 8. Nbd2 d6 9. h3 cxd4 10. cxd4 Nbd7 11. Rc1 Rc8 12. Qe2 Rxc1 13. Rxc1 Qa8 14.
Nc4 Rc8 15. Rc2 Nd5 16. Bg5 f6 17. Bf4 e5 18. Bf5 Rc7 19. Bg3 Nf8 20. Na3 Qd8 21.
Nb5 Rxc2 22. Bxc2 a6 23. Nc3 Qc7 24. Bb3 1-0

[Event "*** SCC Grand Prix: Titled Tuesday Blitz"]
[Site "Chess.com"]
[Date "2020.07.14"]
[Round "1"]
[White "JSMastropiero"]
[Black "jsl796"]
[Result "0-1"]
[WhiteElo "2424"]
[BlackElo "2857"]
[TimeControl "180+1"]
[EndTime "10:05:25 PDT"]
[Termination "jsl796 won by resignation"]

1. d4 Nf6 2. c4 g6 3. Nc3 Bg7 4. e4 O-O 5. f3 d6 6. Nge2 c5 7. d5 e6 8. Ng3 exd5 9. cxd5 Nh5 10.
Nxh5 gxh5 11. Be2 Nd7 12. f4 f5 13. exf5 Nf6 14. O-O Bxf5 15. Bxh5 Nxh5 16. Qxh5 Bd4+ 17.
Kh1 Qf6 18. Bd2 Qg6 19. Qxg6+ hxg6 20. Rfe1 a6 21. a4 Rae8 22. h3 Bd3 23. Re6 Rxe6 24.
dxe6 Re8 25. Re1 Bf2 26. Nd5 Bxe1 27. Nf6+ Kf8 28. Nd7+ Ke7 29. Bxe1 Kxe6 30. Nb6 d5 31. Bf2 d4 32. a5 Kf7 33. Nd7 Bb5 34. Nxc5 d3 35. Nb3 Re2 36. Kg1 d2 0-1

[Event "*** SCC Grand Prix: Titled Tuesday Blitz"]
[Site "Chess.com"]
[Date "2020.07.14"]
[Round "1"]
[White "blitzking1729"]
[Black "shav3184"]
[Result "1-0"]
[WhiteElo "2581"]
[BlackElo "2268"]
[TimeControl "180+1"]
[EndTime "10:05:25 PDT"]
[Termination "blitzking1729 won by resignation"]

1. c4 Nf6 2. Nc3 e6 3. e4 d5 4. cxd5 exd5 5. e5 Ne4 6. d4 Bb4 7. Qb3 Nc6 8. Bb5 O-O 9. Ne2 Qh4 10. O-O Bxc3 11. bxc3 Be6 12. f3 Ng5 13. f4 Ne4 14. f5 a6 15. Bxc6 bxc6 16. fxe6 fxe6 17. Be3 Qg4 18.
Qc2 h5 19. c4 h4 20. h3 Qg6 21. cxd5 cxd5 22. Nf4 Qf5 23. Nxd5 1-0

[Event "*** SCC Grand Prix: Titled Tuesday Blitz"]
[Site "Chess.com"]
[Date "2020.07.14"]
[Round "1"]
[White "AurumO"]
[Black "MokshAD1603"]
[Result "1-0"]
[WhiteElo "1983"]
[BlackElo "2438"]
[TimeControl "180+1"]
[EndTime "10:05:26 PDT"]
[Termination "AurumO won on time"]

1. e4 c5 2. c3 d5 3. exd5 Qxd5 4. d4 Nf6 5. Nf3 g6 6. Nbd2 Bg7 7. Bc4 Qd8 8. O-O cxd4 9. cxd4 O-O 10. h3 Nc6 11.
Nb3 a6 12. Be3 b5 13. Be2 Bb7 14. Rc1 Nb4 15. a3 Nbd5 16. Nc5 Nxe3 17. fxe3 Bd5 18. Ne5 Bh6 19. Rc3 Rc8 20. Bf3 Bxf3 21. Qxf3 Nd5 22. Nxf7 1-0

[Event "*** SCC Grand Prix: Titled Tuesday Blitz"]
[Site "Chess.com"]
[Date "2020.07.14"]
[Round "1"]
[White "qingaunlee"]
[Black "jacky72"]
[Result "0-1"]
[WhiteElo "2339"]
[BlackElo "2656"]
[TimeControl "180+1"]
[EndTime "10:05:27 PDT"]
[Termination "jacky72 won by checkmate"]

1. e4 e5 2. Nf3 Nc6 3. Bb5 a6 4. Ba4 Nf6 5. O-O Be7 6. Re1 b5 7. Bb3 O-O 8. a4 Bb7 9. d3 d5 10. exd5 Nxd5 11. Nxe5 Nxe5 12. Rxe5 Qd6 13. d4 Bf6 14.
Re1 Rfe8 15. Be3 Rad8 16. Nd2 Nb4 17. c3 Nd3 18. Re2 Nxb2 19. Qc2 Nc4 20. axb5 axb5 21. Bxc4 bxc4 22. Rae1 h6 23. f3 Bh4 24. Bf4 Rxe2 25. Bxd6 Rxe1+ 26. Nf1 cxd6 27. g3 Ra8 28. gxh4 Raa1 29.
Qb2 Rxf1+ 30. Kg2 Bxf3+ 31. Kg3 Be4 32. Qb8+ Kh7 33. Qxd6 Rf3+ 34. Kg4 Rg1+ 35. Kh5 Rf5# 0-1

[Event "*** SCC Grand Prix: Titled Tuesday Blitz"]
[Site "Chess.com"]
[Date "2020.07.14"]
[Round "1"]
[White "Zhani-Z"]
[Black "IMHansNiemann"]
[Result "0-1"]
[WhiteElo "2429"]
[BlackElo "2871"]
[TimeControl "180+1"]
[EndTime "10:05:28 PDT"]
[Termination "IMHansNiemann won by resignation"]

1. e4 e6 2. d4 d5 3. Bd3 dxe4 4. Bxe4 Nf6 5. Bf3 c5 6. Ne2 Nc6 7. Be3 e5 8. Bxc6+ bxc6 9. dxe5 Qxd1+ 10. Kxd1 Ng4 11. Nd2 Bf5 12. Nc3 Nxe3+ 13. fxe3 Be7 14. Nde4 Rb8 15. b3 Rb4 16. Ng3 Bg6 17. Kc1 h5 18. Kb2 h4 19. Nge2 Rh5 20. Nf4 Rxe5 21. Nxg6 fxg6 22.
e4 Bf6 23. a3 Rd4 24. Rae1 Rd2 25. Rhg1 Re6 26. e5 Bxe5 27. Kc1 Rd7 28. Ne4 Bf4+ 29. Kb1 Rde7 30. g3 hxg3 31. hxg3 Bc7 0-1

[Event "*** SCC Grand Prix: Titled Tuesday Blitz"]
[Site "Chess.com"]
[Date "2020.07.14"]
[Round "1"]
[White "MITerryble"]
[Black "LuckSlayeer"]
[Result "1-0"]
[WhiteElo "2806"]
[BlackElo "2406"]
[TimeControl "180+1"]
[EndTime "10:05:28 PDT"]
[Termination "MITerryble won by resignation"]

1. e4 c5 2. Nf3 Nc6 3. Bb5 g6 4.
Bxc6 bxc6 5. O-O Bg7 6. c3 e5 7. d4 cxd4 8. cxd4 exd4 9. Nxd4 Ne7 10. Nc3 O-O 11. Bg5 h6 12. Bh4 Rb8 13. Qd2 Re8 14. Rad1 Qb6 15. b3 Ba6 16. Rfe1 Qb4 17. Bg3 d6 18. h4 Kh7 19. Re3 Rbd8 20. Nc2 Qa5 21.
Qe1 d5 22. exd5 Bxc3 23. Qxc3 Qxc3 24. Rxc3 Rxd5 25. Re1 Rd7 26. Rce3 Kg7 27. Nd4 Kf8 28. Nxc6 Bb5 29. Nxe7 Rexe7 30. Rxe7 1-0

[Event "*** SCC Grand Prix: Titled Tuesday Blitz"]
[Site "Chess.com"]
[Date "2020.07.14"]
[Round "1"]
[White "Kolle05"]
[Black "wannabe2700"]
[Result "1-0"]
[WhiteElo "2365"]
[BlackElo "2654"]
[TimeControl "180+1"]
[EndTime "10:05:28 PDT"]
[Termination "Kolle05 won by resignation"]

1. e4 c6 2. Nf3 d5 3. Nc3 g6 4. d4 Bg7 5. Be2 Bg4 6. O-O dxe4 7. Nxe4 Bxf3 8. Bxf3 Qxd4 9. Qe2 Nd7 10. Rd1 Qe5 11. Be3 Ngf6 12. Bd4 Qc7 13. Bxf6 Bxf6 14. Rxd7 Kxd7 15.
Bg4+ Ke8 16. Nxf6+ Kf8 17. Nd7+ Kg7 18. Qxe7 Rhe8 19.
Qf6+ Kg8 20. Qc3 Re7 21. Nf6+ Kf8 22. Nxh7+ Kg8 23. Nf6+ Kf8 24. Nd5 Qe5 25. Nxe7 Qxc3 26. bxc3 Kxe7 27. Re1+ Kd6 28. Rd1+ Kc5 29. Rd7 Re8 30.
h4 f5 31. Bf3 b5 32. Rxa7 Re6 33. Rg7 Kc4 34. Rc7 Kxc3 35. Rxc6+ Rxc6 36. Bxc6 b4 37. Ba4 Kd4 38. Bb3 Ke5 39. g3 Ke4 40. Kg2 f4 41.
gxf4 Kxf4 42. Kh3 Kf3 43. Bf7 b3 44. axb3 1-0

[Event "*** SCC Grand Prix: Titled Tuesday Blitz"]
[Site "Chess.com"]
[Date "2020.07.14"]
[Round "1"]
[White "DenisQ"]
[Black "Sueetin"]
[Result "1-0"]
[WhiteElo "2651"]
[BlackElo "2333"]
[TimeControl "180+1"]
[EndTime "10:05:30 PDT"]
[Termination "DenisQ won by resignation"]

1. Nf3 d5 2. g3 g6 3. Bg2 Bg7 4. O-O e5 5. d4 exd4 6. Nxd4 Nf6 7.
Nd2 O-O 8. Re1 Re8 9. c4 c5 10. N4b3 b6 11. cxd5 Nxd5 12. Nc4 Bb7 13. e4 Nb4 14. Nd6 Re7 15. Nxb7 1-0

[Event "*** SCC Grand Prix: Titled Tuesday Blitz"]
[Site "Chess.com"]
[Date "2020.07.14"]
[Round "1"]
[White "Djager97"]
[Black "Fandorine"]
[Result "0-1"]
[WhiteElo "2439"]
[BlackElo "2953"]
[TimeControl "180+1"]
[EndTime "10:05:31 PDT"]
[Termination "Fandorine won by resignation"]

1. e4 e5 2. Nf3 Nc6 3. d4 exd4 4.
Nxd4 Nf6 5. Nxc6 bxc6 6. e5 Qe7 7. Qe2 Nd5 8. c4 Ba6 9. b3 g6 10. Bb2 Bg7 11. g3 O-O-O 12. Bg2 Rhe8 13. O-O Bxe5 14. Qxe5 Qxe5 15. Bxe5 Rxe5 16. cxd5 Bxf1 17. Kxf1 cxd5 18. Nc3 c6 19. Rd1 Kc7 20. f4 Ree8 21. Kf2 a5 22.
Ne2 Rb8 23. Nd4 a4 24. Rd3 axb3 25. axb3 Rb6 26. Bf3 Ra8 27. Rd2 Rba6 28. Be2 Ra2 29. Rd3 Re8 30. Kf3 Rb2 31. h4 c5 32. Nb5+ Kc6 33. Nc3 d4 34. Ne4 Rxe2 0-1

[Event "*** SCC Grand Prix: Titled Tuesday Blitz"]
[Site "Chess.com"]
[Date "2020.07.14"]
[Round "1"]
[White "Korchmar_Vasiliy"]
[Black "GM4life"]
[Result "1-0"]
[WhiteElo "2685"]
[BlackElo "2359"]
[TimeControl "180+1"]
[EndTime "10:05:31 PDT"]
[Termination "Korchmar_Vasiliy won by resignation"]

1. d4 Nf6 2. Nf3 d5 3. Bf4 c5 4. e3 Nc6 5. Nbd2 Qb6 6. dxc5 Qxb2 7. Rb1 Qc3 8. Bb5 Bf5 9. Nd4 Bd7 10. O-O e6 11. Bd3 Nxd4 12. exd4 Qxd4 13. Be3 Qh4 14. Rxb7 Be7 15. Nf3 Qh5 16. Bd4 Rc8 17. Re1 Bc6 18. Rxa7 Bd8 19. Re5 Qg4 20. Rg5 Qf4 21. Rxg7 Kf8 22.
Raxf7+ Ke8 1-0

[Event "*** SCC Grand Prix: Titled Tuesday Blitz"]
[Site "Chess.com"]
[Date "2020.07.14"]
[Round "1"]
[White "Ashedu66"]
[Black "PrinceMurad09"]
[Result "0-1"]
[WhiteElo "2181"]
[BlackElo "2518"]
[TimeControl "180+1"]
[EndTime "10:05:34 PDT"]
[Termination "PrinceMurad09 won by resignation"]

1. d4 Nf6 2. Nf3 c5 3. d5 b5 4. Bg5 Qb6 5. Bxf6 Qxf6 6. Nbd2 g6 7. e4 Qb6 8. a4 bxa4 9. Nc4 Qb7 10. e5 Bg7 11. Bd3 O-O 12. O-O Qxd5 13. Qe2 Qb7 14. Rxa4 Nc6 15. c3 Rb8 16. Rfa1 Qc7 17. Be4 a6 18. Bd5 Bb7 19. Bxc6 Bxc6 20. Rxa6 Rb7 21.
R6a5 Bd5 22. R1a4 Rfb8 23. h3 h5 24. Qe3 d6 25. exd6 exd6 26. Qf4 Bxc4 27. Rxc4 Qxa5 0-1

[Event "*** SCC Grand Prix: Titled Tuesday Blitz"]
[Site "Chess.com"]
[Date "2020.07.14"]
[Round "1"]
[White "novocane"]
[Black "Flawless_Fighter"]
[Result "0-1"]
[WhiteElo "2253"]
[BlackElo "2575"]
[TimeControl "180+1"]
[EndTime "10:05:35 PDT"]
[Termination "Flawless_Fighter won on time"]

1. d4 Nf6 2. c4 e6 3. Nc3 d5 4.
cxd5 Nxd5 5. e4 Nxc3 6. bxc3 c5 7.
Nf3 cxd4 8. cxd4 Bb4+ 9. Bd2 Bxd2+ 10. Qxd2 O-O 11. Bc4 b6 12. O-O Nd7 13. Rfe1 Bb7 14. d5 exd5 15. Bxd5 Bxd5 16. exd5 Nc5 17. Ne5 Qf6 18.
Rad1 Rad8 19. g3 h6 20. d6 Rfe8 21. f4 Re6 22. d7 Qe7 23. Qd5 Rxd7 24. Qa8+ Kh7 25.
Rxd7 Nxd7 0-1

[Event "*** SCC Grand Prix: Titled Tuesday Blitz"]
[Site "Chess.com"]
[Date "2020.07.14"]
[Round "1"]
[White "Klavdia_Nik"]
[Black "Gahan-MG"]
[Result "0-1"]
[WhiteElo "2059"]
[BlackElo "2475"]
[TimeControl "180+1"]
[EndTime "10:05:35 PDT"]
[Termination "Gahan-MG won on time"]

1. Nf3 Nf6 2. c4 g6 3. b3 Bg7 4. Bb2 O-O 5. g3 a5 6. Nc3 d5 7. d3 Nc6 8. Bg2 Bg4 9. O-O Qd7 10. Re1 Rad8 11. Nb5 Rfe8 12. Ne5 Nxe5 13. Bxe5 c6 14. Na3 Qf5 15. Bb2 Qh5 16. Qc2 e5 17. cxd5 cxd5 18.
Nb5 e4 19. d4 Bh3 20. Bc1 Ng4 21. Bh1 Rc8 22. Qd1 Rc6 23. e3 Rf6 24. Re2 Nxf2 25.
Qe1 Nd3 26. Qd1 Bg4 27. Nc3 Rc8 0-1

[Event "*** SCC Grand Prix: Titled Tuesday Blitz"]
[Site "Chess.com"]
[Date "2020.07.14"]
[Round "1"]
[White "Khazieva_Elza"]
[Black "temus_galaktionov"]
[Result "0-1"]
[WhiteElo "2343"]
[BlackElo "2664"]
[TimeControl "180+1"]
[EndTime "10:05:36 PDT"]
[Termination "temus_galaktionov won on time"]

1. e4 c6 2. d3 g6 3. Nf3 d6 4. g3 Bg7 5. Bg2 e5 6. O-O Ne7 7. c3 O-O 8. h3 f5 9. Qb3+ Kh8 10. Ng5 d5 11. f4 h6 12. Nf3 exf4 13. Bxf4 fxe4 14.
dxe4 dxe4 15. Ne5 Qd5 16. Qxd5 cxd5 17. Ng4 g5 18. Bd6 Rxf1+ 19. Bxf1 Nf5 20. Bxb8 Rxb8 21. Kh2 h5 22. Nf2 Be5 23. Nh1 h4 24. Na3 Nxg3 25. Nxg3 Bxg3+ 26. Kg2 Be6 27. Nb5 Rf8 28. Nd4 Rf2+ 29.
Kg1 Bf7 30. b3 Kg7 31. Rd1 Kf6 32. a4 Ke5 33. Nb5 a6 34. Nd4 Bh5 0-1

[Event "*** SCC Grand Prix: Titled Tuesday Blitz"]
[Site "Chess.com"]
[Date "2020.07.14"]
[Round "1"]
[White "swimmerchess"]
[Black "MusicCityMaster"]
[Result "1-0"]
[WhiteElo "2823"]
[BlackElo "2414"]
[TimeControl "180+1"]
[EndTime "10:05:37 PDT"]
[Termination "swimmerchess won by resignation"]

1. e4 c5 2. Nf3 d6 3. d4 cxd4 4. Nxd4 Nf6 5. Nc3 a6 6. Bg5 e6 7. f4 Nbd7 8. Qe2 Qc7 9. O-O-O b5 10. a3 Bb7 11. g4 Rc8 12. Bg2 Nb6 13. Rhe1 Be7 14.
Bxf6 gxf6 15. f5 e5 16. Nb3 Nc4 17. Nd5 Bxd5 18. Rxd5 O-O 19. h4 Kh8 20. Red1 Rg8 21. Kb1 Nb6 22. R5d3 Na4 23. Bf3 a5 24. Qd2 Ra8 25. Rd5 Rgb8 26. g5 b4 27. gxf6 Bf8 28. Rg1 bxa3 29. Qg5 Bh6 30. Qxh6 Rg8 31. Rg7 1-0

[Event "*** SCC Grand Prix: Titled Tuesday Blitz"]
[Site "Chess.com"]
[Date "2020.07.14"]
[Round "1"]
[White "SilviusTiberius"]
[Black "JiiHart"]
[Result "1-0"]
[WhiteElo "2489"]
[BlackElo "2109"]
[TimeControl "180+1"]
[EndTime "10:05:38 PDT"]
[Termination "SilviusTiberius won by resignation"]

1. e4 c5 2. Nf3 Nc6 3. d4 cxd4 4. Nxd4 Nf6 5. Nc3 d6 6. Bg5 e6 7.
Qd2 a6 8. O-O-O Bd7 9. f4 h6 10.
Bh4 g5 11. fxg5 Ng4 12. Nxc6 Bxc6 13. Be2 hxg5 14. Bxg5 Qxg5 15. Qxg5 Bh6 16. Qxh6 Nxh6 17. Rxd6 Rd8 18. Rxd8+ Kxd8 19. Kd2 Ke7 20. Ke3 Rg8 21. g3 Nf5+ 22. Kf2 Nd4 23. Bd3 b5 24. Rd1 Rh8 25. h4 Rg8 26. a3 f5 27. exf5 exf5 28. Ne2 Nf3 29. Nf4 Ne5 30. Bxf5 Rf8 31. Bh3 1-0

[Event "*** SCC Grand Prix: Titled Tuesday Blitz"]
[Site "Chess.com"]
[Date "2020.07.14"]
[Round "1"]
[White "Oleksandr_Bortnyk"]
[Black "Jbd735"]
[Result "1-0"]
[WhiteElo "2933"]
[BlackElo "2435"]
[TimeControl "180+1"]
[EndTime "10:05:39 PDT"]
[Termination "Oleksandr_Bortnyk won by resignation"]

1. e4 e5 2. Nf3 Nc6 3. Bc4 Nf6 4. Ng5 Bc5 5. Bxf7+ Ke7 6. Bb3 Rf8 7. d3 d6 8.
Be3 Bg4 9. Qd2 h6 10. Nf3 Bxf3 11. gxf3 Nd4 12. Bxd4 Bxd4 13. c3 Bb6 14. Na3 Nh5 15.
Nc4 Rxf3 16. Nxb6 axb6 17. Qe2 Qf8 18. O-O-O Qf4+ 19. Kb1 g6 20. d4 Rxf2 21. Qc4 Qxe4+ 22. Ka1 Qe2 23. Qxc7+ Ke8 24. Rb1 Qb5 25. Qxb7 Rxa2+ 26. Bxa2 1-0

[Event "*** SCC Grand Prix: Titled Tuesday Blitz"]
[Site "Chess.com"]
[Date "2020.07.14"]
[Round "1"]
[White "GMNickPert"]
[Black "Nastya_Rakhmangulova"]
[Result "1-0"]
[WhiteElo "2661"]
[BlackElo "2341"]
[TimeControl "180+1"]
[EndTime "10:05:39 PDT"]
[Termination "GMNickPert won by checkmate"]

1. d4 d5 2. c4 c6 3. Nf3 Nf6 4. Nc3 dxc4 5. e4 b5 6. Be2 b4 7. Na4 Nxe4 8. Bxc4 e6 9. O-O Be7 10. Re1 Nd6 11. Bd3 Ba6 12. Bc2 O-O 13. Nc5 Bb5 14. Bf4 Nd7 15. Nd3 a5 16. Rc1 Nc4 17. Bb1 Ndb6 18. Nfe5 Bg5 19. Qg4 Bxf4 20. Qxf4 Rc8 21. Nc5 Nxe5 22. Rxe5 Nd5 23. Qg3 g6 24. h4 Rc7 25. h5 Qf6 26. Rce1 Qf4 27. hxg6 hxg6 28. Qh3 Qxd4 29. Nxe6 fxe6 30. Qxe6+ Rcf7 31. Qxg6+ Rg7 32. Qe6+ Rff7 33. Rf5 Nf4 34. Qe8+ Rf8 35.
Rxf8# 1-0

[Event "*** SCC Grand Prix: Titled Tuesday Blitz"]
[Site "Chess.com"]
[Date "2020.07.14"]
[Round "1"]
[White "szachuspl"]
[Black "DonBroca"]
[Result "1-0"]
[WhiteElo "2504"]
[BlackElo "2125"]
[TimeControl "180+1"]
[EndTime "10:05:39 PDT"]
[Termination "szachuspl won by resignation"]

1. d4 Nf6 2. c4 g6 3. Nc3 d6 4. e4 Nc6 5. d5 Nb8 6. Nf3 Bg7 7. Bd3 O-O 8. h3 Nbd7 9. O-O e5 10. Be3 b6 11. b4 a5 12. a3 Ne8 13. Nd2 f5 14. f3 f4 15. Bf2 Ndf6 16. c5 g5 17. Nc4 bxc5 18. bxc5 h5 19. Be2 Rf7 20. cxd6 Nxd6 21.
Nxe5 Rf8 22. Nc6 Qe8 23. e5 Nxd5 24. Qxd5+ Be6 25. Qc5 Nb7 26. Qb5 Bd7 27. Nd5 Bxc6 28. Qxc6 Qxc6 29. Ne7+ Kh8 30. Nxc6 Rae8 31. Bd4 Nd8 32.
Nxd8 Rxd8 33. Rfd1 Rde8 34. Bb5 Re7 35. Bc5 1-0

[Event "*** SCC Grand Prix: Titled Tuesday Blitz"]
[Site "Chess.com"]
[Date "2020.07.14"]
[Round "1"]
[White "Caterpiller35"]
[Black "Hikaru"]
[Result "0-1"]
[WhiteElo "2455"]
[BlackElo "3208"]
[TimeControl "180+1"]
[EndTime "10:05:40 PDT"]
[Termination "Hikaru won on time"]

1. d4 Nf6 2. Bg5 c5 3. Bxf6 gxf6 4. d5 Qb6 5. Qc1 f5 6. c4 e6 7. Nc3 d6 8. e3 Nd7 9. Nf3 Bg7 10. Qc2 Nf6 11. Bd3 Bd7 12. h3 O-O-O 13. O-O Rhg8 14. a3 Bh8 15. b4 Rg6 16. bxc5 Qxc5 17. Rab1 Rdg8 18. Nh4 Rh6 19. Nxf5 exf5 20. Bxf5 Bxf5 21. Qxf5+ Kb8 22. Ne4 Qc7 23. Rb4 Qd7 0-1

[Event "*** SCC Grand Prix: Titled Tuesday Blitz"]
[Site "Chess.com"]
[Date "2020.07.14"]
[Round "1"]
[White "Kaua18"]
[Black "Zablotsky"]
[Result "0-1"]
[WhiteElo "2273"]
[BlackElo "2584"]
[TimeControl "180+1"]
[EndTime "10:05:40 PDT"]
[Termination "Zablotsky won by resignation"]

1. e4 e5 2. Nf3 Qe7 3. Nc3 Nf6 4. Bc4 c6 5. O-O a5 6. a4 Nxe4 7. Nxe4 d5 8. Ng3 dxc4 9. Nxe5 Qc7 10. Nxc4 Be7 11.
Re1 O-O 12. d4 Be6 13. Ne5 Re8 14. c3 Nd7 15. Bf4 Nxe5 16. Bxe5 Qd7 17. Ne4 f6 18. Bg3 Bf5 19. f3 Qd5 20. Qd3 Qf7 21. Rad1 Bf8 22. Qd2 Rad8 23. Qf4 Bg6 24. h4 Qb3 25. Rd2 Qxa4 26.
Rde2 Qb5 27. Kf2 c5 28. Nxc5 Bxc5 29. dxc5 Qxc5+ 30. Kf1 Bd3 31. Bf2 Qb5 32. Qd2 Bxe2+ 33. Rxe2 Rxd2 0-1

[Event "*** SCC Grand Prix: Titled Tuesday Blitz"]
[Site "Chess.com"]
[Date "2020.07.14"]
[Round "1"]
[White "tigra"]
[Black "Nathan_Filgueiras"]
[Result "1-0"]
[WhiteElo "2815"]
[BlackElo "2411"]
[TimeControl "180+1"]
[EndTime "10:05:42 PDT"]
[Termination "tigra won by resignation"]

1. e4 c5 2. Nf3 Nc6 3. d4 cxd4 4. Nxd4 e5 5. Nb5 d6 6. N1c3 a6 7. Na3 b5 8. Nd5 Nce7 9. c4 Nxd5 10. exd5 bxc4 11.
Nxc4 Nf6 12. Bd2 Rb8 13. Ba5 Qd7 14. Nb6 Qb7 15. Rc1 Be7 16. Rxc8+ Rxc8 17. Qa4+ Nd7 18.
Bxa6 Rc1+ 19. Kd2 Qxa6 20. Qxd7+ Kf8 21. Kxc1 Bg5+ 22. Kb1 Qxa5 23. Qxd6+ Ke8 24. Qxe5+ Be7 25. Re1 1-0

[Event "*** SCC Grand Prix: Titled Tuesday Blitz"]
[Site "Chess.com"]
[Date "2020.07.14"]
[Round "1"]
[White "abykhovsky"]
[Black "Haapana"]
[Result "1-0"]
[WhiteElo "2694"]
[BlackElo "2360"]
[TimeControl "180+1"]
[EndTime "10:05:42 PDT"]
[Termination "abykhovsky won on time"]

1. d4 Nf6 2. Nf3 g6 3. c4 Bg7 4. Nc3 d6 5. Bg5 Bg4 6. e3 Nc6 7.
Be2 O-O 8. d5 Nb8 9. O-O c6 10.
Rc1 Na6 11. Nd4 Bxe2 12. Qxe2 cxd5 13. cxd5 Nc7 14. e4 Re8 15. Rfd1 h6 16. Bh4 e6 17. dxe6 Nxe6 18. Ndb5 d5 19. Nxd5 g5 20. Ndc7 Nxc7 21. Rxd8 Raxd8 22. Nxc7 Rxe4 23. Qb5 gxh4 24. Qxb7 Re7 25. h3 Nd5 26. Rd1 Be5 27. Rxd5 1-0

[Event "*** SCC Grand Prix: Titled Tuesday Blitz"]
[Site "Chess.com"]
[Date "2020.07.14"]
[Round "1"]
[White "ChronicUnhappiness"]
[Black "JakubPulpan"]
[Result "0-1"]
[WhiteElo "2351"]
[BlackElo "2680"]
[TimeControl "180+1"]
[EndTime "10:05:42 PDT"]
[Termination "JakubPulpan won by resignation"]

1. c4 e6 2. Nf3 Nf6 3. Nc3 c5 4. g3 b6 5. Bg2 Bb7 6. O-O d5 7.
Ne5 Nbd7 8. Qa4 Bd6 9. Nxd7 Qxd7 10. Qxd7+ Kxd7 11. d3 h6 12. cxd5 Nxd5 13. Nxd5 Bxd5 14.
Bxd5 exd5 15. e4 Rhe8 16. f3 Be5 17. Rb1 Bd4+ 18. Kg2 f5 19. Re1 fxe4 20. dxe4 dxe4 21. Rxe4 Rxe4 22. fxe4 Re8 23. b4 Rxe4 24. bxc5 Re2+ 25. Kh3 Bxc5 26. Bb2 g5 27. a4 h5 28. Bf6 g4+ 29.
Kh4 Ke6 30. Bd8 Rxh2+ 31. Kg5 Be3+ 32. Kg6 Kd5 33. Rf1 Bf2 34. Bh4 Rxh4 35. gxh4 g3 36. Kxh5 g2 0-1

[Event "*** SCC Grand Prix: Titled Tuesday Blitz"]
[Site "Chess.com"]
[Date "2020.07.14"]
[Round "1"]
[White "vovachesss"]
[Black "DinaBelenkaya"]
[Result "1-0"]
[WhiteElo "2577"]
[BlackElo "2262"]
[TimeControl "180+1"]
[EndTime "10:05:42 PDT"]
[Termination "vovachesss won on time"]

1. c4 e5 2. Nc3 Nc6 3. Nf3 Nf6 4. g3 Bb4 5. Bg2 O-O 6. O-O a5 7. Nd5 Bc5 8. d3 h6 9. Rb1 d6 10. a3 a4 11. Nc3 Bg4 12. Nxa4 Qd7 13. b4 Ba7 14. b5 Nd8 15. b6 cxb6 16. Nxb6 Bxb6 17. Rxb6 Ra6 18. Qb3 Qc7 19. Be3 Nd7 20. Rb5 Nc5 21.
Qb4 Ra4 22. Qb2 f5 23. Bxc5 dxc5 24. Nxe5 1-0

[Event "*** SCC Grand Prix: Titled Tuesday Blitz"]
[Site "Chess.com"]
[Date "2020.07.14"]
[Round "1"]
[White "BakaPG"]
[Black "Stosk"]
[Result "1/2-1/2"]
[WhiteElo "2644"]
[BlackElo "2352"]
[TimeControl "180+1"]
[EndTime "10:05:43 PDT"]
[Termination "Game drawn by repetition"]

1. e4 c5 2. Nf3 Nc6 3. Nc3 g6 4. d4 cxd4 5. Nxd4 Bg7 6. Be3 Nf6 7. Bc4 O-O 8. Bb3 e6 9. O-O d5 10. exd5 exd5 11. h3 Re8 12. Qd2 Be6 13. Rad1 Ne5 14. f4 Nc4 15. Bxc4 dxc4 16. Nxe6 fxe6 17. Qxd8 Rexd8 18. Rxd8+ Rxd8 19. Bxa7 Nd5 20. Nxd5 exd5 21. b3 Ra8 22. Bf2 Rxa2 23. bxc4 dxc4 24. Rb1 Rxc2 25. Rxb7 h5 26. g4 hxg4 27. hxg4 c3 28. Rc7 Rc1+ 29.
Kg2 Rd1 30. Kf3 Rd8 31. Be3 Rf8 32. Ke4 Re8+ 33. Kf3 Rf8 34. Ke4 Re8+ 35. Kd3 Rd8+ 36. Ke4 Re8+ 1/2-1/2

[Event "*** SCC Grand Prix: Titled Tuesday Blitz"]
[Site "Chess.com"]
[Date "2020.07.14"]
[Round "1"]
[White "sorito"]
[Black "PSvidler"]
[Result "0-1"]
[WhiteElo "2442"]
[BlackElo "2976"]
[TimeControl "180+1"]
[EndTime "10:05:45 PDT"]
[Termination "PSvidler won by resignation"]

1. d4 Nf6 2. Nf3 g6 3. e3 Bg7 4. c4 O-O 5. Be2 c5 6. O-O cxd4 7. exd4 d5 8. Nc3 dxc4 9. Ne5 Be6 10. Nxc4 Nc6 11. Be3 Nd5 12. Nxd5 Bxd5 13. Rc1 Rc8 14. a3 e6 15. Bf3 Bxf3 16. Qxf3 Rc7 17.
Rfd1 Nxd4 18. Bxd4 Bxd4 19. Qg4 Rd7 20. Rd2 Qf6 21. Kh1 Rfd8 22. Rcd1 Rd5 23. h4 Bxf2 24. Rxd5 Rxd5 0-1

[Event "*** SCC Grand Prix: Titled Tuesday Blitz"]
[Site "Chess.com"]
[Date "2020.07.14"]
[Round "1"]
[White "davidkalashian"]
[Black "2008king"]
[Result "1-0"]
[WhiteElo "2573"]
[BlackElo "2246"]
[TimeControl "180+1"]
[EndTime "10:05:45 PDT"]
[Termination "davidkalashian won by resignation"]

1. e4 e5 2. Nf3 Nc6 3. d4 exd4 4.
Nxd4 Nf6 5. Nc3 Bb4 6. Nxc6 bxc6 7. Bd3 d5 8. exd5 cxd5 9. O-O O-O 10. Bg5 c6 11. Qf3 Bd6 12. Rfe1 Rb8 13. Rab1 h6 14. Bh4 Be6 15. Ne2 c5 16. Nf4 Bg4 17. Bxf6 Qxf6 18. Qxg4 Qxf4 19. Qh5 Rfe8 20. g3 Qg5 21. Qf3 Qf6 22.
Qxd5 Rxe1+ 23. Rxe1 Rxb2 24. Re8+ Bf8 25. Qa8 Qd6 26.
Rxf8+ Qxf8 27. Bh7+ Kxh7 28. Qxf8 Rxc2 29. Qxf7 Rc1+ 30. Kg2 Ra1 1-0